[Event "Early-Titled-Tuesday-Blitz-February-27-2024"]
[Site "Chess.com"]
[Date "2024.02.27"]
[Round "8"]
[White "GreenPeach24"]
[Black "DumbKing75"]
[Result "0-1"]
[WhiteElo "2477"]
[BlackElo "2642"]
[TimeControl "180+1"]
[EndTime "9:28:28 PST"]
[Termination "DumbKing75 won on time"]

1. d4 Nf6 2. Bf4 g6 3. Nc3 d6 4.
e4 c6 5. Qd2 b5 6. f3 Nbd7 7.
O-O-O Bb7 8. g4 e5 9. Bh6 Bxh6 10. Qxh6 Qe7 11. dxe5 dxe5 12. Nge2 a6 13. h4 O-O-O 14. Ng3 Nc5 15. Bh3 Kb8 16. Qe3 Nfd7 17. Nce2 Ne6 18. g5 Qc5 19. Qxc5 Ndxc5 20. Bxe6 Nxe6 21. c3 Kc7 22. Kc2 Rxd1 23. Kxd1 h6 24. gxh6 Rxh6 25.
h5 Ng5 26. f4 exf4 27. Nxf4 gxh5 28. Rxh5 Rxh5 29. Nfxh5 c5 30. e5 Nf3 31. Nf6 Nxe5 32. b3 c4 33. b4 Kd6 34. Nfe4+ Bxe4 35. Nxe4+ Kd5 36. Nc5 a5 37. Kd2 Nc6 38. a3 axb4 39.
cxb4 Kd4 40. Nb7 Kd5 41. Nc5 f5 42. Kc3 Nd4 43. a4 bxa4 44. Nxa4 Nb5+ 45. Kd2 f4 46. Ke2 Ke4 0-1

[Event "Early-Titled-Tuesday-Blitz-February-27-2024"]
[Site "Chess.com"]
[Date "2024.02.27"]
[Round "8"]
[White "Austen48"]
[Black "Cambek64"]
[Result "0-1"]
[WhiteElo "2259"]
[BlackElo "2495"]
[TimeControl "180+1"]
[EndTime "9:28:28 PST"]
[Termination "Cambek64 won on time"]

1. d4 c5 2. d5 e5 3. e4 d6 4. Nc3 Be7 5. Bd3 Nf6 6. Nge2 O-O 7. O-O a6 8. a4 Nbd7 9. Ng3 g6 10. h3 Ne8 11. f4 exf4 12. Bxf4 Bf6 13. Kh1 Be5 14. Ra3 Bxf4 15. Rxf4 Ne5 16. Nb1 Nf6 17. Be2 Kg7 18.
Nd2 Nfd7 19. Qf1 Qe7 20. Qf2 b6 21. h4 Nf6 22. h5 h6 23. Kg1 Nfg4 24. Bxg4 Bxg4 25. Ngf1 b5 26. axb5 axb5 27. Rg3 Bxh5 28. Ne3 Kh7 29. Rf6 Nd7 30. Rf4 Ra1+ 31. Ndf1 Ne5 32. b3 f6 33. Rh3 Nd7 34. g4 g5 35.
Nf5 Qe5 36. Rxh5 Qxf4 37. Rxh6+ Kg8 38. Qxf4 gxf4 39. Nxd6 Ne5 40. Nf5 Rd1 41. Kg2 Ra8 42.
Rxf6 f3+ 43. Kg3 Rxf1 44. Kf4 Nf7 45. Ne7+ Kf8 46. Ng6+ Kg7 47. g5 f2 0-1

[Event "Early-Titled-Tuesday-Blitz-February-27-2024"]
[Site "Chess.com"]
[Date "2024.02.27"]
[Round "8"]
[White "Defenstrator"]
[Black "Fjal"]
[Result "0-1"]
[WhiteElo "2389"]
[BlackElo "2267"]
[TimeControl "180+1"]
[EndTime "9:28:28 PST"]
[Termination "Fjal won on time"]

1. Nf3 Nf6 2. Nc3 g6 3. e4 d6 4. d4 Bg7 5. Bc4 O-O 6. Qe2 c6 7. e5 Ne8 8. e6 d5 9. exf7+ Rxf7 10.
Bd3 Bg4 11. Bg5 Bxf3 12. gxf3 Nd7 13. h4 h6 14. Be3 e5 15. Bxg6 exd4 16. Bxf7+ Kxf7 17. Nxd5 Qa5+ 18. Bd2 Qxd5 19. Rg1 Nd6 20. Kf1 Re8 21.
Qd3 Ne5 22. Qh7 Qb5+ 23. Kg2 Rh8 24. c4 dxc3 25. Qc2 cxd2 26. Qxd2 Qd5 27. Qf4+ Bf6 28.
Rad1 Rg8+ 29. Kh3 Qe6+ 30. Kh2 Rxg1 31. Rxg1 Nf5 32. Rd1 Ng6 33. Qc7+ Be7 34. h5 Qe5+ 35. Qxe5 Nxe5 36. f4 Nf3+ 37. Kg2 N3d4 38. Rd3 c5 39. b3 b5 40. Rc3 Ke6 41. Rc1 Kd5 42. Re1 Bd6 43.
Re8 c4 44. bxc4+ bxc4 45. Rc8 Nc6 46. Kf3 c3 47. Ke2 Bxf4 48. Kd3 Be5 49. f4 Bd4 50. Rf8 Nb4+ 51. Ke2 c2 52. Rc8 Bc5 53. Rd8+ Kc4 54. Kd2 Nd4 0-1

[Event "Early-Titled-Tuesday-Blitz-February-27-2024"]
[Site "Chess.com"]
[Date "2024.02.27"]
[Round "8"]
[White "thebeast2900"]
[Black "LiadCuba"]
[Result "0-1"]
[WhiteElo "2310"]
[BlackElo "2498"]
[TimeControl "180+1"]
[EndTime "9:28:30 PST"]
[Termination "LiadCuba won on time"]

1. e4 d5 2. exd5 Nf6 3. Bb5+ Nbd7 4. d4 Nxd5 5. Nf3 e6 6. O-O Be7 7. a3 O-O 8. Bd3 c5 9. c4 N5b6 10. Be3 cxd4 11. Bxd4 Bf6 12. Bc3 Nc5 13. Be2 Bd7 14. b4 Nca4 15. Qc2 Rc8 16. c5 Nd5 17. Bxf6 Qxf6 18.
Ra2 b6 19. Ba6 Rc7 20. Nbd2 bxc5 21. Ne4 Qg6 22. b5 Nab6 23. Nxc5 Qxc2 24. Rxc2 Bc8 25. Rfc1 Bxa6 26. Nxa6 Rxc2 27. Rxc2 h6 28. Ne5 Rd8 29. Nc6 Rd7 30. Nc5 Rc7 31. a4 g5 32. a5 Nd7 33.
Nxd7 Rxd7 34. a6 Nb6 35. g3 h5 36. Nb8 Rd5 37. Rc7 Rxb5 38. Rxa7 h4 39. Rb7 h3 40. f3 g4 41. fxg4 Rb1+ 42. Kf2 Rb2+ 43. Kf3 f5 44.
gxf5 exf5 45. a7 Rb3+ 46. Kf4 Nd5+ 47. Kxf5 Rxb7 48. a8=Q Rf7+ 49. Ke5 Ne7 50. Nd7+ Kh7 51. Nf6+ Kg7 0-1

[Event "Early-Titled-Tuesday-Blitz-February-27-2024"]
[Site "Chess.com"]
[Date "2024.02.27"]
[Round "8"]
[White "GoValya"]
[Black "m_ezat"]
[Result "0-1"]
[WhiteElo "2273"]
[BlackElo "2491"]
[TimeControl "180+1"]
[EndTime "9:28:32 PST"]
[Termination "m_ezat won by resignation"]

1. Nf3 Nf6 2. g3 g6 3. Bg2 Bg7 4. O-O O-O 5. d4 d6 6. c4 Nc6 7.
Nc3 Bg4 8. a3 Nd7 9. e3 e5 10. d5 Ne7 11. Qc2 Bxf3 12. Bxf3 f5 13. e4 f4 14. b4 Nf6 15. c5 g5 16. Bg2 Ng6 17. cxd6 cxd6 18. b5 Rc8 19. Qb3 h5 20. a4 g4 21. f3 fxg3 22. hxg3 h4 23. fxg4 Nxg4 24. Bf3 hxg3 25. Kg2 Qh4 26. Rh1 Nh2 27.
Ne2 Rxf3 28. Qxf3 Nxf3 29. Rxh4 Ngxh4+ 30. Kxg3 Bf6 31. Be3 Kf7 32. Kf2 Ng5 33. Ng3 Rc2+ 34. Kf1 Nhf3 35. Rc1 Rxc1+ 36. Bxc1 Bd8 37. Kf2 Nd4 38.
Kg2 Kg6 39. Bd2 Nb3 40. Bc1 Nc5 41. Be3 Bb6 42. a5 Bxa5 43. Nf5 Ncxe4 44. Bxa7 Kxf5 45.
b6 Nf6 46. Bb8 Bb4 47. Bc7 Nxd5 48. Bd8 e4 49. Kf2 e3+ 50. Ke2 Ke4 51. Bxg5 Bc5 52.
Bh6 Nc3+ 53. Ke1 Kd3 54. Bxe3 Kxe3 0-1

[Event "Early-Titled-Tuesday-Blitz-February-27-2024"]
[Site "Chess.com"]
[Date "2024.02.27"]
[Round "8"]
[White "romulocardoso"]
[Black "TitarovVasiliYouTube"]
[Result "1-0"]
[WhiteElo "2363"]
[BlackElo "2506"]
[TimeControl "180+1"]
[EndTime "9:28:33 PST"]
[Termination "romulocardoso won on time"]

1. e4 Nf6 2. e5 Nd5 3. d4 d6 4.
Nf3 dxe5 5. Nxe5 c6 6. Bc4 Nd7 7. Qf3 Nxe5 8. dxe5 Be6 9. O-O g6 10. Rd1 Qa5 11. Bd2 Qc7 12. Nc3 Rd8 13. Nxd5 Bxd5 14. Bxd5 Rxd5 15. Bc3 e6 16. Bd4 Bg7 17. c4 Rd7 18. Bc5 Bxe5 19. Rxd7 Qxd7 20. Rd1 Qc7 21. h3 b6 22. Ba3 c5 23. Qa8+ Qb8 24. Qc6+ Kf8 25.
b4 cxb4 26. Bxb4+ Kg7 27. Rd7 Qe8 28. f4 Bf6 29. g4 h6 30. Qb7 a5 31. Bd6 Bd4+ 32.
Kg2 Bc3 33. Re7 Qg8 34. Rxe6 Bd4 35. Re4 Bf6 36. g5 hxg5 37. fxg5 Bxg5 38. Be5+ Bf6 39. Bxf6+ Kxf6 40. Qxb6+ Kg7 41. Qxa5 Qc8 42. Qe5+ Kg8 43. Rg4 Qa8+ 44. Kg3 Qxa2 45. Qe8+ Kg7 46. Qe5+ Kg8 47. Rd4 Qb3+ 48. Kf4 Qb6 49. c5 1-0

[Event "Early-Titled-Tuesday-Blitz-February-27-2024"]
[Site "Chess.com"]
[Date "2024.02.27"]
[Round "8"]
[White "GlavkonVVS"]
[Black "ViktoriyaTarasova"]
[Result "1-0"]
[WhiteElo "2530"]
[BlackElo "2314"]
[TimeControl "180+1"]
[EndTime "9:28:34 PST"]
[Termination "GlavkonVVS won on time"]

1. c4 e5 2. Nc3 Nf6 3. g3 Bb4 4. Bg2 O-O 5. Nf3 Re8 6. O-O e4 7. Nd4 Nc6 8. Nc2 Bxc3 9. bxc3 d6 10. Rb1 b6 11. d3 Bb7 12. Bg5 Ne5 13. Ne3 h6 14. Bxf6 Qxf6 15. dxe4 Qe6 16. Qb3 Ba6 17.
Qa4 Bxc4 18. Nxc4 Qxc4 19. Qxc4 Nxc4 20. Rfd1 Rad8 21. Rd4 Ne5 22. f4 Nd7 23. Rbd1 f6 24. Rd5 Kf7 25. Kf2 Nc5 26. e5 fxe5 27. fxe5 Ke7 28.
exd6+ Rxd6 29. Rxd6 cxd6 30. Bd5 Rc8 31. Rd4 Nd7 32.
Rc4 Rf8+ 33. Ke3 Nc5 34. Rf4 Rxf4 35. gxf4 Kf6 36. Kd4 Kf5 37. e3 Kg4 38. Bg2 Na4 39. c4 Nb2 40. Kd5 Kf5 41. Bh3+ Kf6 42. Bf1 Ke7 43. Be2 Na4 44. Kd4 Nc5 45. e4 Ne6+ 46. Ke3 Nc5 47. h4 Ne6 48. Bg4 Nc5 49. h5 Na6 50. Kd4 Nc5 51. e5 dxe5+ 52. fxe5 Kd8 53. Kd5 Kc7 54. e6 a5 55. Bf5 a4 56. e7 Nb7 57. e8=Q 1-0

[Event "Early-Titled-Tuesday-Blitz-February-27-2024"]
[Site "Chess.com"]
[Date "2024.02.27"]
[Round "8"]
[White "LeninGuerra"]
[Black "BogdanDeac"]
[Result "0-1"]
[WhiteElo "2579"]
[BlackElo "2970"]
[TimeControl "180+1"]
[EndTime "9:28:35 PST"]
[Termination "BogdanDeac won by resignation"]

1. e4 c5 2. Nf3 d6 3. b4 cxb4 4. a3 Nf6 5. Bd3 bxa3 6. Bxa3 g6 7. O-O Bg7 8. c3 O-O 9. Bc2 Qc7 10. d4 Rd8 11. h3 Nc6 12. Nbd2 b5 13. Qe2 Rb8 14.
Rfb1 a6 15. Bd3 Bb7 16. c4 bxc4 17. Nxc4 d5 18. exd5 Nxd5 19. Bc5 Nf4 20. Qe3 Nxd4 21. Bb6 Nxf3+ 22. Qxf3 Qxb6 23. Qxf4 Qf6 24. Qxf6 Bxf6 25. Ra3 Bd5 26. Rxb8 Rxb8 27. Rxa6 Rb3 28. Bf1 Rb1 29. Ne3 Be4 30. Ra3 Bd4 31. f3 Bc6 32. Kf2 Rb2+ 33. Kg3 f5 34. Rd3 e5 35. f4 Be4 36. Ra3 Bxe3 37. Rxe3 exf4+ 38. Kxf4 Rf2+ 39.
Kg5 Rxf1 40. g4 Kg7 41. Ra3 h6+ 42. Kh4 fxg4 43. hxg4 g5+ 44. Kg3 Rd1 45. Ra7+ Kf6 46. Ra6+ Ke5 47. Rxh6 Rd3+ 48. Kf2 Kf4 49. Re6 Bf3 50. Ra6 Rd2+ 51. Ke1 Rd4 52. Kf2 Bxg4 53. Ra3 Bh5 54. Kg2 Rd2+ 55. Kg1 Bf3 56. Ra7 Kg3 57. Ra1 Rd1+ 58. Rxd1 Bxd1 59. Kh1 Bf3+ 60. Kg1 g4 61.
Kf1 Kh2 62. Kf2 Bg2 0-1

[Event "Early-Titled-Tuesday-Blitz-February-27-2024"]
[Site "Chess.com"]
[Date "2024.02.27"]
[Round "8"]
[White "Shuvalov"]
[Black "nindjaxx8"]
[Result "1-0"]
[WhiteElo "2518"]
[BlackElo "2648"]
[TimeControl "180+1"]
[EndTime "9:28:36 PST"]
[Termination "Shuvalov won by resignation"]

1. d4 d5 2. c4 e6 3. Nf3 Nf6 4. Nc3 Be7 5. Bf4 O-O 6. e3 b6 7. Bd3 dxc4 8. Bxc4 Bb7 9. O-O Nbd7 10. Qe2 a6 11.
Rfd1 b5 12. Bb3 Qe8 13. Bxc7 Rc8 14. Bg3 Nb6 15. Ne5 Ne4 16. Nxe4 Bxe4 17. f3 Bd5 18. e4 Ba8 19. Bf2 Nd7 20. Nd3 Nb8 21. a4 Nc6 22.
axb5 axb5 23. d5 exd5 24. Bxd5 Nb4 25. Nxb4 Bxb4 26. Bb3 Qe5 27. Rd7 Bc5 28. Bxc5 Qxc5+ 29. Qf2 Qb4 30. Qe3 Bc6 31. Rd4 Qe7 32. Rad1 h6 33. h3 Rc7 34. Qf4 Rfc8 35. Kh2 Bd7 36. Rd6 Be8 37.
Qg3 Rc5 38. R6d5 R5c7 39. Re5 Qf6 40. Rxe8+ Rxe8 41. Qxc7 Rf8 42. Rd7 g6 43. Rd6 Qxb2 44. Rxg6+ Kh7 45. Bxf7 Kh8 46. Rxh6+ Kg7 47. Rg6+ Kh8 48.
Rg4 b4 49. Bd5 Qf6 50. Qd7 b3 51. Bxb3 Qe5+ 52. f4 Qf6 53. Qd5 Qh6 54. Rg8+ Kh7 55. Rxf8 Qxf8 56. Qf5+ Kg7 57. Qxf8+ Kxf8 58. g4 1-0

[Event "Early-Titled-Tuesday-Blitz-February-27-2024"]
[Site "Chess.com"]
[Date "2024.02.27"]
[Round "8"]
[White "Viktor_Poddubnyi"]
[Black "gpsji27"]
[Result "1/2-1/2"]
[WhiteElo "2230"]
[BlackElo "2349"]
[TimeControl "180+1"]
[EndTime "9:28:36 PST"]
[Termination "Game drawn by stalemate"]

1. e4 e5 2. f4 Nc6 3. Nf3 exf4 4. d4 d5 5. exd5 Qxd5 6. Bxf4 Bg4 7. Bxc7 Bxf3 8.
Qxf3 Qxf3 9. gxf3 Nxd4 10. Nc3 Nxc2+ 11. Kd2 Nd4 12. Bd3 Kd7 13. Bg3 Bb4 14. Be4 Nf6 15. Bxb7 Rad8 16. Rad1 Ke7 17. Rhe1+ Ne6+ 18. Kc1 Bxc3 19.
bxc3 Rxd1+ 20. Rxd1 Rd8 21. Rxd8 Kxd8 22. Kd2 Nc5 23.
Bc6 Ke7 24. Bb8 a5 25. a4 Nfd7 26. Bc7 f6 27. Kc2 Ne5 28. Bd5 Nxa4 29. Bxa5 Nc5 30.
Bb4 Kd6 31. Be4 g6 32. f4 Ng4 33. h3 Nf2 34. Bg2 Nd3 35. Bxc5+ Nxc5 36. Kd2 Ke6 37. Ke3 Kf5 38. h4 Kg4 39. Bd5 Kxh4 40. Kd4 Nd7 41. Be6 Nb6 42. c4 Nxc4 43. Bxc4 Kg4 44.
Ke3 g5 45. Be2+ Kg3 46. fxg5 fxg5 47. Bh5 g4 48. Bxg4 Kxg4 49. Kf2 h5 50. Kg1 h4 51.
Kh1 Kg3 52. Kg1 h3 53. Kh1 h2 1/2-1/2

[Event "Early-Titled-Tuesday-Blitz-February-27-2024"]
[Site "Chess.com"]
[Date "2024.02.27"]
[Round "8"]
[White "Batica1984"]
[Black "Mikhail_Golubev"]
[Result "1/2-1/2"]
[WhiteElo "2751"]
[BlackElo "2624"]
[TimeControl "180+1"]
[EndTime "9:28:38 PST"]
[Termination "Game drawn - insufficient material"]

1. e4 c5 2. Nf3 d6 3. d4 cxd4 4.
Nxd4 Nf6 5. Nc3 g6 6. Be3 Bg7 7. f3 Nc6 8. Qd2 O-O 9. O-O-O d5 10. Nxc6 bxc6 11. Bh6 Bxh6 12. Qxh6 Rb8 13. e5 Nd7 14.
h4 Nxe5 15. h5 Bf5 16. g4 f6 17. Qe3 Bd7 18. hxg6 Qb6 19. Qxb6 axb6 20. gxh7+ Kh8 21. Re1 Rf7 22. Bg2 Ng6 23. Ne2 Rxh7 24. Nd4 e5 25. Nb3 Nf4 26. Rxh7+ Kxh7 27. Bf1 Kg7 28.
a4 c5 29. a5 c4 30. Nd4 bxa5 31. Ne2 Nxe2+ 32. Bxe2 d4 33. Bxc4 Bc6 34. Be2 a4 35.
Rh1 Rh8 36. Rxh8 Kxh8 37. b4 axb3 38. cxb3 Kg7 39. b4 Kf7 40. b5 Bd5 41. Kb2 Ke7 42.
Ka3 Kd6 43. Kb4 Bb7 44. b6 Kc6 45. Ka5 Kc5 46. Ba6 Bc6 47. b7 Bxb7 48. Bxb7 d3 49.
Ba6 Kd4 50. Kb4 Ke3 51. Kc3 Kxf3 52. Kxd3 Kxg4 53. Bc8+ Kf4 54. Ke2 f5 55. Bb7 e4 56.
Kf2 Ke5 57. Bc6 f4 58. Bxe4 Kxe4 59. Ke2 f3+ 60. Kf2 Kf4 61. Kf1 f2 62. Kxf2 1/2-1/2

[Event "Early-Titled-Tuesday-Blitz-February-27-2024"]
[Site "Chess.com"]
[Date "2024.02.27"]
[Round "8"]
[White "LiamPutnam2008"]
[Black "WilsonPalencia21"]
[Result "1-0"]
[WhiteElo "2787"]
[BlackElo "2560"]
[TimeControl "180+1"]
[EndTime "9:28:39 PST"]
[Termination "LiamPutnam2008 won by resignation"]

1. a4 d6 2. h4 e5 3. e4 Nc6 4. Ne2 h6 5. d4 exd4 6. Nxd4 Nf6 7. Nc3 Be7 8. a5 a6 9. Nxc6 bxc6 10. Be2 Bd7 11. Bf4 h5 12. e5 dxe5 13. Bxe5 Be6 14. Qxd8+ Bxd8 15. Bf3 Bd7 16. O-O-O Rb8 17.
Rhe1 Be7 18. Bxc7 Rc8 19. Bb6 Be6 20. Ne4 Nd5 21. Bc5 Bxh4 22. Nd6+ Kd7 23. Nxc8 Rxc8 24. c4 Ke8 25. cxd5 cxd5 26. b4 Bxf2 27. Re2 Bxc5 28.
bxc5 Rxc5+ 29. Kb2 Rxa5 30. Bxd5 Ke7 31. Bxe6 fxe6 32. Rde1 Rb5+ 33. Kc3 Rc5+ 34. Kd4 Rd5+ 35. Kc4 Rd6 36. Re5 g6 37. Rg5 Kf6 38. Rc5 Rd2 39.
Rf1+ Kg7 40. Rg5 Kh6 41. Rg3 h4 42. Rh3 Kh5 43. g3 g5 44. gxh4 g4 45. Re3 Kxh4 46. Rxe6 g3 47. Rh6+ Kg5 48. Rxa6 g2 49. Rg1 Kf4 50. Ra3 Rf2 51. Rd3 Kg4 52. Kd4 Kf4 53. Kc3 Kg4 54. Rdd1 Kg3 55. Kd3 Rf3+ 56. Ke2 Rf2+ 57.
Ke3 Rf3+ 58. Ke4 Rf4+ 59. Ke5 Rf2 60. Rd8 Kh2 61. Rdd1 Kg3 62. Ke4 Re2+ 63. Kd3 Rf2 64. Rde1 Ra2 65. Re2 Ra3+ 66. Kc4 Ra4+ 67. Kb3 Rf4 68.
Rgxg2+ 1-0

[Event "Early-Titled-Tuesday-Blitz-February-27-2024"]
[Site "Chess.com"]
[Date "2024.02.27"]
[Round "8"]
[White "AttackSparrow"]
[Black "dosto07"]
[Result "1-0"]
[WhiteElo "2650"]
[BlackElo "2494"]
[TimeControl "180+1"]
[EndTime "9:28:44 PST"]
[Termination "AttackSparrow won on time"]

1. Nf3 d5 2. b3 Nf6 3. Bb2 Bg4 4. e3 Nbd7 5. h3 Bh5 6. g4 Bg6 7. Bg2 e6 8. d3 Bd6 9. Nh4 Be5 10.
c3 c6 11. Nxg6 hxg6 12. Nd2 Qe7 13. Nf3 Bd6 14. c4 Bb4+ 15. Kf1 Ba3 16. Bc3 Bb4 17. Qd2 Bxc3 18. Qxc3 O-O 19. g5 Ne8 20. h4 Nd6 21. Ke2 e5 22. cxd5 cxd5 23. Qb4 a5 24. Qa3 b5 25.
Rac1 b4 26. Qb2 Nb5 27. Bh3 Nc3+ 28. Rxc3 bxc3 29. Qxc3 Rfc8 30. Qb2 e4 31. Nd4 exd3+ 32. Kxd3 Ne5+ 33. Ke2 Rc5 34. Rd1 Qc7 35. Rd2 Rd8 36. Qa3 Rc1 37. Nb5 Qc5 38. Qxa5 Rb8 39. a4 Rh1 40.
Bg2 Rxh4 41. Qc7 Rxb5 42. Qd8+ Qf8 43. Qxf8+ Kxf8 44. axb5 d4 45. Rxd4 Rxd4 46. exd4 Nd7 47. Bc6 Nb6 48. Kd3 Ke7 49. Kc3 Kd6 50. Kb4 Nc8 51.
Ka5 Kc7 52. Bd5 f6 53. Bf7 fxg5 54. Bxg6 Nb6 55. Be4 Nc8 56. Kb4 Nb6 57. Kc5 Nd7+ 58. Kd5 Kb6 59. Bd3 Nf6+ 60. Ke6 Ng4 61. f3 Ne3 62.
Kf7 1-0

[Event "Early-Titled-Tuesday-Blitz-February-27-2024"]
[Site "Chess.com"]
[Date "2024.02.27"]
[Round "8"]
[White "shimastream"]
[Black "ValeriyGrinev"]
[Result "1-0"]
[WhiteElo "2943"]
[BlackElo "2579"]
[TimeControl "180+1"]
[EndTime "9:28:47 PST"]
[Termination "shimastream won by checkmate"]

1. e4 c5 2. a3 a5 3. Nf3 b6 4. d4 d6 5. Nc3 e6 6. Bc4 cxd4 7. Nxd4 Bd7 8. O-O Nc6 9. Ndb5 Ne5 10. Ba2 Bc6 11.
f4 Ng6 12. f5 exf5 13. exf5 Ne5 14. Bf4 Nf6 15. Qe2 Be7 16. Rad1 Qb8 17. Nd5 Nxd5 18.
Bxd5 Bxd5 19. Rxd5 O-O 20. Rfd1 Qc8 21. Qe4 Re8 22. Bxe5 dxe5 23. Kh1 Bf8 24. h3 Rb8 25. Rd7 Re7 26. Rxe7 Bxe7 27. Qxe5 Bf6 28. Qe4 h6 29. c3 Qc5 30. a4 Rf8 31. Rd2 Qc8 32. g4 Re8 33.
Qf3 Qb8 34. Kg2 Rd8 35. Rxd8+ Qxd8 36. Kf1 Qd2 37. Qe2 Qc1+ 38. Kg2 Qf4 39. Na3 Be5 40.
Qf3 Qh2+ 41. Kf1 Bf4 42. Nc4 Bc7 43. Ke1 Bg3+ 44. Kd1 Qxh3 45. Kc2 Qh2+ 46. Kb3 Be5 47. Nxb6 Bf6 48. Nc4 Qb8+ 49. Ka2 Qc8 50. Qd5 Qc7 51. Nxa5 Qf4 52. Qc4 Qe5 53. Nc6 Qe3 54. a5 h5 55.
gxh5 Qf3 56. a6 Qxf5 57. a7 Kh7 58. a8=Q Qxh5 59. Qe8 g6 60. Qexf7+ Bg7 61. Ne7 Kh6 62. Ng8+ Kg5 63. Qe7+ Bf6 64. Qxf6# 1-0

[Event "Early-Titled-Tuesday-Blitz-February-27-2024"]
[Site "Chess.com"]
[Date "2024.02.27"]
[Round "8"]
[White "ilqar_74"]
[Black "Alexander_Donchenko"]
[Result "0-1"]
[WhiteElo "2828"]
[BlackElo "2910"]
[TimeControl "180+1"]
[EndTime "9:28:48 PST"]
[Termination "Alexander_Donchenko won by checkmate"]

1. e4 c6 2. Nc3 d5 3. Nf3 dxe4 4.
Nxe4 Nf6 5. Qe2 Nxe4 6. Qxe4 Nd7 7. Bc4 Nf6 8. Ne5 e6 9. Qe2 b5 10. Bb3 Qc7 11. d4 Bd6 12. a4 a6 13. O-O O-O 14. c4 bxc4 15. Bxc4 Bb7 16. b3 c5 17. Bb2 cxd4 18. Bxd4 a5 19. Rad1 Rad8 20. h3 Ba8 21.
Ba1 Nd5 22. Nd3 Qb7 23. Qg4 f5 24. Qg5 Rde8 25. f3 Qa7+ 26. Kh1 Ne3 27. Bxg7 Qxg7 28. Qxe3 Qg3 29. Qg1 Kh8 30. Ne1 Rg8 31. Rd3 Bf4 32.
Rd7 Rg6 33. Nd3 Bb8 34. Qd4+ e5 35. Qf2 Qg5 36. Rd1 e4 37. f4 Qg3 38. Qd4+ Rg7 39. Qxg7+ Qxg7 40. Rxg7 Kxg7 41. Ne5 Bxe5 42. Rd7+ Kf6 43. fxe5+ Kxe5 44. Kg1 h6 45. g3 f4 46.
gxf4+ Kxf4 47. Kf2 e3+ 48. Ke2 Bf3+ 49. Ke1 Rc8 50.
Rf7+ Kg3 51. Rg7+ Kf4 52. Rf7+ Kg3 53. Re7 e2 54. Re3 Kf4 55. Re7 Rg8 56. Bxe2 Rg1+ 57. Kd2 Bxe2 58. Rxe2 Rg3 59. Rf2+ Ke4 60. Kc2 Rxh3 61.
Rf8 Kd4 62. Ra8 Rh2+ 63. Kc1 Kc3 64. Rxa5 Rh1# 0-1

[Event "Early-Titled-Tuesday-Blitz-February-27-2024"]
[Site "Chess.com"]
[Date "2024.02.27"]
[Round "8"]
[White "joshdaruca"]
[Black "Winner_7777"]
[Result "1/2-1/2"]
[WhiteElo "2757"]
[BlackElo "2553"]
[TimeControl "180+1"]
[EndTime "9:28:49 PST"]
[Termination "Game drawn by repetition"]

1. e4 c5 2. Nf3 d6 3. Bb5+ Nd7 4. d4 cxd4 5. Nxd4 a6 6. Bxd7+ Bxd7 7. c4 Nf6 8. Nc3 g6 9. O-O Bg7 10. f3 O-O 11. Be3 Rc8 12. Qd3 Qc7 13. Rac1 Qxc4 14. Qd2 Qc7 15. Rfd1 Qb8 16. a4 b5 17. a5 Rc4 18. b3 Rc7 19. Nc2 Rfc8 20. Nb4 Qb7 21. Bb6 Rxc3 22. Rxc3 Rxc3 23. Qxc3 Nd5 24. Qd2 Nxb6 25.
axb6 Qxb6+ 26. Kh1 Be6 27. Nd5 Bxd5 28. Qxd5 h5 29.
Qa8+ Kh7 30. Qe8 a5 31. Qxe7 a4 32. Qxd6 Qe3 33. bxa4 bxa4 34. Qd3 Qc5 35. h3 a3 36. Qb3 Qc3 37. Qxf7 Qb2 38. f4 a2 39. f5 a1=Q 40. Qxg6+ Kg8 41. Qe8+ Kh7 42. Qxh5+ Kg8 43. Qe8+ Kh7 44.
Qg6+ Kg8 45. Rxa1 Qxa1+ 46. Kh2 Qe5+ 47. g3 Qxe4 48. h4 Qc2+ 49. Kh3 Kh8 50. Qe8+ Kh7 51. Qe6 Qd1 52. Qe4 Qf1+ 53. Kg4 Qd1+ 54. Qf3 Qd4+ 55. Kh3 Bf6 56. g4 Be5 57. g5 Qg1 58. Qh5+ Kg7 59. Qg6+ Kf8 60. Qh6+ Kg8 61. Qe6+ Kh7 62. Qxe5 Qh1+ 63.
Kg4 Qg2+ 64. Kf4 Qh2+ 65. Ke4 Qe2+ 66. Kd5 Qb5+ 67. Kd6 Qb8+ 68. Ke6 Qe8+ 69. Kd5 Qb5+ 70. Ke6 Qe8+ 71. Kf6 Qh8+ 72. Ke6 Qe8+ 1/2-1/2

[Event "Early-Titled-Tuesday-Blitz-February-27-2024"]
[Site "Chess.com"]
[Date "2024.02.27"]
[Round "8"]
[White "wild3000"]
[Black "Bastiandash"]
[Result "1-0"]
[WhiteElo "2457"]
[BlackElo "2581"]
[TimeControl "180+1"]
[EndTime "9:28:49 PST"]
[Termination "wild3000 won by resignation"]

1. d4 Nf6 2. Nf3 e6 3. c4 d5 4.
e3 Be7 5. Nc3 O-O 6. Be2 dxc4 7.
Bxc4 a6 8. O-O b5 9. Be2 Bb7 10. a4 b4 11. Nb1 c5 12. Nbd2 cxd4 13. exd4 Nc6 14. Nb3 Qd5 15. Be3 Rac8 16. Rc1 Rfd8 17. Nc5 Bxc5 18. Rxc5 Qd6 19. Qc2 Ne7 20. Rc1 Ne4 21. Rc7 h6 22. Ne5 Nf5 23. Rxc8 Rxc8 24. Qd1 Nxe3 25. Rxc8+ Bxc8 26. fxe3 f6 27. Ng6 Bd7 28.
Bd3 Ng5 29. h4 Nf7 30. Qf3 Nd8 31. Qa8 Be8 32. Nf4 e5 33. dxe5 fxe5 34. Qd5+ Qxd5 35.
Nxd5 Bxa4 36. Nxb4 a5 37. Nd5 Nc6 38. Kf2 Bb3 39.
Nb6 Kf7 40. Kf3 Nb4 41. Bc4+ Bxc4 42. Nxc4 Nd3 43. Ke4 Nb4 44. Nxa5 Ke6 45. Nc4 Nc6 46. g4 g6 47. g5 hxg5 48. hxg5 Nb4 49. Nxe5 Na6 50.
Nxg6 Nc5+ 51. Kf4 Nd3+ 52. Kg4 Nxb2 53. Nf4+ Ke5 54. g6 Kf6 55. Kh5 Nc4 56. e4 Nd6 57. Nd5+ Ke5 58. g7 Nxe4 59. g8=Q Nf6+ 60. Nxf6 1-0

[Event "Early-Titled-Tuesday-Blitz-February-27-2024"]
[Site "Chess.com"]
[Date "2024.02.27"]
[Round "8"]
[White "FARIZA2018"]
[Black "SuperBlitz2013"]
[Result "1-0"]
[WhiteElo "2594"]
[BlackElo "2263"]
[TimeControl "180+1"]
[EndTime "9:28:52 PST"]
[Termination "FARIZA2018 won by resignation"]

1. e4 e5 2. Nf3 Nc6 3. Bb5 a6 4.
Ba4 Nf6 5. O-O Be7 6. Re1 b5 7.
Bb3 d6 8. c3 O-O 9. h3 Nb8 10.
d4 Nbd7 11. Nbd2 Bb7 12. Bc2 Re8 13. Nf1 Bf8 14. Ng3 g6 15. a4 c5 16. d5 c4 17.
Bg5 Be7 18. Qd2 Nc5 19. axb5 axb5 20. Be3 Qc7 21. h4 h5 22. Bg5 Ng4 23. Bxe7 Qxe7 24.
Ng5 Reb8 25. f3 Nf6 26. f4 exf4 27. Qxf4 Qe5 28. Qf3 Rxa1 29. Rxa1 Ra8 30. Rf1 Kg7 31. Ne2 Bc8 32. Nd4 Bg4 33. Qf2 Bd7 34. g3 Rf8 35. Qf3 Qe7 36. Kg2 Ng4 37. Qf4 Ne5 38. Bd1 Ncd3 39.
Qe3 Nxb2 40. Be2 Nbd3 41. Ndf3 Nxf3 42. Qxf3 Ne5 43. Qf4 f6 44. Nf3 Nxf3 45. Bxf3 Qe5 46. Qe3 Ra8 47. Rb1 Ra2+ 48. Be2 Bg4 49. Re1 b4 50. cxb4 c3 51. Kf1 Qxg3 52. Qxg3 Bxe2+ 53. Rxe2 Ra1+ 54. Kf2 Ra3 55. Rc2 Rb3 56. Rxc3 Rxb4 57. Qxd6 Rxe4 58. Rc7+ 1-0

[Event "Early-Titled-Tuesday-Blitz-February-27-2024"]
[Site "Chess.com"]
[Date "2024.02.27"]
[Round "8"]
[White "JAN2404"]
[Black "tarno17"]
[Result "0-1"]
[WhiteElo "1960"]
[BlackElo "2147"]
[TimeControl "180+1"]
[EndTime "9:28:53 PST"]
[Termination "tarno17 won by resignation"]

1. e4 c5 2. Nf3 e6 3. c4 a6 4.
Nc3 Qc7 5. Be2 Nc6 6. O-O Nf6 7. h3 Nd4 8. d3 Be7 9. Be3 Nxf3+ 10. Bxf3 e5 11. Bg5 d6 12. Bxf6 Bxf6 13. Nd5 Qd8 14. Rb1 Be6 15. Qa4+ Qd7 16. Nc7+ Ke7 17. Qxd7+ Bxd7 18. Nxa8 Rxa8 19. b4 Bc6 20. bxc5 dxc5 21. Be2 g5 22. h4 gxh4 23. f4 Rg8 24. Kh1 Rg3 25. Rf2 h3 26. gxh3 Rxh3+ 27. Kg2 Rh6 28. Rbf1 Rg6+ 29. Kh3 Rg7 30. Bh5 Bd7+ 31. f5 Bg5 32. Rg2 f6 33. Be2 Bc6 34. Rg4 h5 35. Rg3 h4 36. Rg4 Be8 37. Kg2 Bh5 38. Rh1 Bxg4 39.
Bxg4 Kd6 40. Kf3 Kc6 41. Rb1 b5 42. Bh3 Rd7 43. cxb5+ axb5 44. Ke2 c4 45. dxc4 bxc4 46. Rb2 c3 47. Rc2 Rd2+ 48. Rxd2 cxd2 49. Kd1 Kc5 50. Kc2 Kd4 51. Bf1 Kxe4 52. Bg2+ Kd4 53. a4 Kc5 54. a5 Kb5 55. Bf3 Kxa5 56. Kd3 Kb4 57. Ke4 Kc5 58. Be2 Kd6 59. Kf3 Kd5 60. Kg4 e4 61. Bd1 Kd4 62. Be2 Ke3 63. Bd1 Kf2 64. Kh3 Ke1 65. Bc2 d1=Q 66. Bxd1 Kxd1 67.
Kg2 e3 0-1